 Dungeon Crawl Stone Soup version bcrawl-1.40.2 (webtiles) character file.

Game seed: 7298977036669502456

234617 kosoiffoigrumme1174 the Sneak (level 7, -6/44 HPs)
             Began as a Vine Stalker Monk on Nov 9, 2023.
             Was a Believer of Okawaru.
             Mangled by an ogre
             ... wielding a +0 giant spiked club
              (17 damage)
             ... on level 2 of the Dungeon.
             The game lasted 00:06:45 (3676 turns).

kosoiffoigrumme1174 the Sneak (Vine Stalker Monk)   Turns: 3676, Time: 00:06:46

Health: -6/44      AC: 11    Str: 15    XL:     7   Next: 77%
Magic:  0/9        EV:  8    Int: 10    God:    Okawaru [**....]
Gold:   328        SH:  0    Dex: 17    Spells: 6/6 levels left

rFire    . . .     GDR:     28% b - +1 dagger (venom)
rCold    . . .     SeeInvis .   (no shield)
rNeg     . . .     Gourm    .   B - +0 chain mail
rPois    .         Faith    .   c - +0 hat
rElec    .         Spirit   +   (no cloak)
rCorr    +         Reflect  .   n - +2 pair of gloves
MR       .....                  (no boots)
Stlth    +.........             d - amulet of guardian spirit
HPRegen  0.57/turn              q - ring of resist corrosion
MPRegen  0.11/turn              (no ring)

@: no status effects
A: fangs 3, regeneration 1, no potion heal 3, rot immunity, strong jaws
a: Heroism, Renounce Religion


You were on level 2 of the Dungeon.
You worshipped Okawaru.
Okawaru was pleased with you.
You were hungry.

You visited 2 branches of the dungeon, and saw 5 of its levels.

You collected 328 gold pieces.

Inventory:

Hand Weapons
 a - a +2 dagger of speed
 b - a +1 dagger of venom (weapon)
Missiles
 h - 680 stones (quivered)
 l - 710 sling bullets
 s - 141 poisoned tomahawks
Armour
 c - a +0 hat (worn)
 n - a +2 pair of gloves (worn)
 B - a +0 chain mail (worn)
Jewellery
 d - an amulet of guardian spirit (around neck)
 q - a ring of resist corrosion (left hand)
 A - an uncursed ring of magical power {unknown}
Wands
 o - a wand of paralysis (7)
 x - a wand of polymorph (10)
Scrolls
 f - 3 scrolls of remove curse
 i - a scroll of identify
 j - 3 scrolls of teleportation
 m - 3 scrolls of amnesia {unknown}
 r - a scroll of blinking {unknown}
 t - 2 scrolls of immolation {unknown}
 v - a scroll of revelation {unknown}
 w - 2 scrolls of enchant weapon {unknown}
Potions
 g - 3 potions of flight
 k - a potion of brilliance
 p - a potion of invisibility {unknown}
 u - 2 potions of curing {unknown}
 z - a potion of haste {unknown}
 C - a potion of lignification {unknown}
Comestibles
 e - 6 rations {!d}


   Skills:
 + Level 4.5 Fighting
   Level 2.6 Axes
 + Level 5.4 Dodging
 * Level 7.0 Stealth
 + Level 3.8 Unarmed Combat
 - Level 2.0 Invocations


You had 6 spell levels left.
You didn't know any spells.
Your spell library was empty.

Dungeon Overview and Level Annotations

Branches:
Dungeon (4/12)             Temple (1/1) D:4

Altars:
Ashenzari
Cheibriados
Dithmenos
Elyvilon
Fedhas
Gozag
Hepliaklqana
Kikubaaqudgha
Lugonu
Makhleb
Nemelex Xobeh
Okawaru
Ru
Sif Muna
Trog
Uskayaw
Vehumet
Wu Jian
Xom
Zin
The Shining One


Innate Abilities, Weirdness & Mutations

You have razor-sharp teeth.
Your natural rate of healing is unusually fast.
Potions cannot restore your health.
You are immune to rotting.
Your bites deal extra damage.


Message History

Things that are here:
a chunk of flesh; a bat skeleton
Things that are here:
a chunk of flesh; a bat skeleton Eating a chunk of flesh.
You eat the chunk of flesh.
This raw flesh tastes terrible.
The ogre is too close now for your liking.
The ogre hits you with a +0 giant spiked club!!
You are too injured to fight recklessly!
You are too injured to fight recklessly!
You are too injured to fight recklessly!
Your chain mail prevents you from hitting the ogre.
The ogre hits you with a +0 giant spiked club!!
* * * LOW HITPOINT WARNING * * *
You are feeling hungry.
The ogre misses you.
The ogre hits you with a +0 giant spiked club!!
* * * LOW HITPOINT WARNING * * *
The ogre hits you with a +0 giant spiked club!!
You die...

##.....####..........
.....................
#.#.........รท........
.....................
###..................
#......>...........
#######............
###..########
##.......@O.##
##............##
#..............#
#..............#
#..............#
#..............#
#..............#
##............##
##..........##


You could see an ogre.

Vanquished Creatures
  Grinder (D:3)
  Sigmund (D:3)
  An ogre (D:4)
  A scorpion (D:4)
  A howler monkey (D:3)
  A crimson imp (D:4)
  Ijyb (D:3)
  A worker ant (D:4)
  3 adders
  An adder skeleton (D:4)
  3 worms (D:3)
  4 dart slugs
  6 leopard geckos
  11 orcs
  8 bats
  2 giant cockroaches
  5 goblins
  8 hobgoblins
  10 jackals
  2 quokkas
  2 frilled lizards
  8 kobolds
  7 rats
88 creatures vanquished.

Notes
Turn   | Place    | Note
-------+----------+-------------------------------------------
     0 | D:1      | kosoiffoigrumme1174 the Vine Stalker Monk began the quest
                  | for the Orb.
     0 | D:1      | Reached XP level 1. HP: 13/13 MP: 3/3
    44 | D:1      | Reached XP level 2. HP: 18/18 MP: 4/4
   109 | D:1      | Reached skill level 1 in Unarmed Combat
   248 | D:1      | Reached XP level 3. HP: 18/23 MP: 5/5
   844 | D:2      | Reached XP level 4. HP: 28/28 MP: 4/6
   987 | D:2      | Found a bloodstained altar of Trog.
  1007 | D:2      | Noticed an ogre
  1716 | D:3      | Noticed Grinder
  1729 | D:3      | Paralysed by Grinder for 2 turns
  1764 | D:3      | Paralysed by Grinder for 3 turns
  1843 | D:3      | Reached XP level 5. HP: 33/33 MP: 7/7
  1924 | D:3      | Noticed Ijyb
  1942 | D:3      | Killed Ijyb
  1943 | D:3      | Reached skill level 4 in Stealth
  2033 | D:3      | Noticed Sigmund
  2045 | D:3      | Killed Sigmund
  2046 | D:3      | Reached skill level 5 in Stealth
  2046 | D:3      | Gained mutation: You have razor-sharp teeth. [Vine Stalker
                  | growth]
  2046 | D:3      | Reached XP level 6. HP: 29/38 MP: 5/8
  2514 | D:3      | Killed Grinder
  2515 | D:3      | Reached skill level 5 in Dodging
  2515 | D:3      | Reached skill level 6 in Stealth
  2515 | D:3      | Reached XP level 7. HP: 18/43 MP: 5/9
  2629 | D:4      | Found a staircase to the Ecumenical Temple.
  2638 | Temple   | Entered the Ecumenical Temple
  2817 | Temple   | Became a worshipper of Warmaster Okawaru
  2817 | Temple   | Reached * piety under Okawaru
  2817 | Temple   | Reached ** piety under Okawaru
  3375 | D:4      | Reached skill level 7 in Stealth
  3676 | D:2      | Mangled by an ogre

Skill      XL: |  1  2  3  4  5  6  7 |
---------------+----------------------+-----
Unarmed Combat | 1 2 3 |  3.8
Fighting       | 3 4 |  4.5
Dodging        | 4 5 |  5.4
Stealth        | 5 6 7 |  7.0
Axes           | |  2.6
Invocations    | |  2.0

Action                   |  1- 3 |  4- 6 |  7- 9 || total
-------------------------+-------+-------+-------++-------
Melee: Hand axe          |   108 |    88 |       ||   196
       Bite              |     5 |    28 |     9 ||    42
       Dagger            |       |    80 |    49 ||   129
Throw: Stone             |       |     8 |       ||     8
  Use: Scroll            |     3 |     1 |       ||     4
 Stab: Sleeping          |     5 |     5 |     3 ||    13
       Distracted        |     1 |     1 |       ||     2
  Eat: Chunk             |     2 |    10 |     2 ||    14
       Ration            |       |       |     1 ||     1
Armor: Robe              |    22 |    20 |     2 ||    44
       Chain mail        |       |       |    12 ||    12
Dodge: Dodged            |    87 |    82 |    21 ||   190
